Map: Ulrena

Players

Kantor

  • Race: Terran Terran
  • League: Silver
  • Spawn Location: 7:00

zidar - Winner!

  • Race: Zerg Zerg
  • League: Silver
  • Spawn Location: 11:00

VOD

Have the link to the VOD?

Description

Time

  • Played on: Nov. 18, 2015, 3:36 p.m.
  • Length: 22:25
Show
View Real Time Build Order
Export as new Build Order

Kantor Terran 

Build Orders: Command Center First (CC), Mech 

Get SALT Encoding   

  12  0:01  SCV  
  13  0:13  SCV  
  14  0:25  SCV  
  15  0:32  Supply Depot  
  15  0:39  Supply Depot  
  15  1:01  SCV  
  16  1:04  Command Center  
  16  1:10  Supply Depot  
  16  1:13  SCV  
  17  1:39  SCV  
  18  1:53  Barracks  
  18  1:56  SCV  
  18  2:00  Barracks  
  19  2:08  SCV  
  20  2:18  SCV  
  21  2:31  Command Center  
  21  2:32  SCV  
  21  2:33  SCV  
  23  2:44  SCV  
  23  2:45  SCV  
  23  2:46  Refinery  
  23  2:49  Refinery  
  25  2:53  Marine x2  
  25  2:58  SCV x2  
  29  3:10  SCV x2  
  31  3:16  Refinery  
  31  3:20  Refinery  
  31  3:22  Marine x2, SCV x2  
  35  3:34  SCV  
  35  3:39  Marine  
  35  3:40  Marine  
  38  3:54  Factory  
  38  3:57  Marine x2  
  38  3:59  Factory, SCV x2  
  42  4:15  Marine x2  
  44  4:24  SCV x2, Bunker  
  46  4:28  SCV  
  47  4:33  Marine  
  47  4:36  SCV  
  49  4:40  SCV x2  
  51  4:48  SCV  
  51  4:52  SCV x2  
  54  5:04  SCV  
  55  5:26  Command Center  
  55  5:34  Factory Tech Lab x2  
  55  5:35  Marine x2  
  57  5:53  Marine x2  
  59  5:58  SCV x2  
  59  6:03  Bunker, Supply Depot  
  61  6:06  Bunker  
  61  6:15  Orbital Command  
  61  6:25  SCV x2, Siege Tank x2, Supply Depot  
  69  6:35  Factory, Supply Depot  
  69  6:38  Marine x2  
  71  6:40  SCV  
  71  6:41  SCV x2  
  71  6:42  Starport  
  71  6:45  Starport  
  74  6:53  SCV x3  
  77  6:56  Marine x2  
  77  6:57  Siege Tank x2  
  77  7:00  Supply Depot  
  85  7:27  SCV  
  85  7:28  SCV x2  
  88  7:36  Engineering Bay  
  88  7:37  Armory, Engineering Bay  
  88  7:42  Starport Tech Lab  
  88  7:43  Starport Tech Lab  
  88  8:04  Armory, SCV x3  
  91  8:06  Armory  
  91  8:16  SCV  
  91  8:19  Planetary Fortress  
  88  8:28  SCV x2, Starport  
  88  8:31  Command Center  
  89  8:35  Marine x2  
  89  8:37  Siege Tank x2  
  89  8:40  SCV  
  98  8:49  Cloaking Field  
  98  8:52  Banshee x2  
  98  8:53  Marine  
  98  8:54  Terran Vehicle Weapons Level 1, Starport  
  105  8:56  Starport  
  105  9:00  Refinery  
  105  9:01  Refinery, SCV  
  105  9:02  SCV x2  
  108  9:06  Starport  
  108  9:23  SCV  
  108  9:42  Bunker  
  108  10:18  Supply Depot  
  108  10:20  Supply Depot  
  108  10:40  Marine x2, SCV, Siege Tank  
  108  10:42  Supply Depot  
  116  10:44  Supply Depot  
  116  10:47  Widow Mine  
  116  10:57  Marine x2  
  118  11:06  Supply Depot x2  
  120  11:15  Marine x2  
  120  11:16  Widow Mine  
  118  11:19  Widow Mine  
  118  11:29  Bunker, Supply Depot  
  117  11:33  Marine  
  119  11:44  Widow Mine  
  119  11:45  Missile Turret  
  119  11:46  Marine  
  121  11:47  Missile Turret  
  121  11:48  Widow Mine  
  121  11:51  Marine  
  121  12:13  Widow Mine, Missile Turret, SCV  
  121  12:15  SCV x2  
  123  12:16  Marine, Widow Mine  
  123  12:18  Missile Turret  
  124  12:40  Missile Turret x2  
  124  12:42  Widow Mine  
  122  12:45  Missile Turret  
  122  12:49  Marine x2  
  103  12:56  Widow Mine  
  83  13:03  Missile Turret  
  83  13:04  Missile Turret  
  84  13:07  SCV x3  
  84  13:10  Widow Mine  
  87  13:17  Marine  
  85  13:21  SCV  
  85  13:25  Missile Turret  
  85  13:27  Missile Turret  
  85  13:31  Starport Reactor x2  
  85  13:32  Starport Reactor x2  
  85  13:36  Marine  
  85  13:37  SCV  
  85  13:40  Marine, Viking, SCV  
  85  13:41  Viking  
  85  13:44  Siege Tank  
  85  13:53  Supply Depot  
  85  13:55  Supply Depot  
  82  13:57  Supply Depot  
  82  14:08  Terran Vehicle Weapons Level 2  
  82  14:10  Terran Ship Weapons Level 1, Terran Vehicle And Ship Armor Level 1  
  82  14:11  Terran Infantry Weapons Level 1  
  82  14:12  Terran Infantry Armor Level 1  
  82  14:15  Marine, SCV  
  82  14:16  Marine, Viking x2, Siege Tank  
  82  14:17  Supply Depot  
  84  14:18  Thor  
  84  14:19  Supply Depot  
  84  14:22  Supply Depot  
  88  14:30  Bunker  
  87  14:33  Marine x2  
  89  14:39  Viking x3  
  89  14:40  Viking x3  
  89  14:41  Viking x2  
  89  14:42  Supply Depot  
  105  14:46  Viking x2  
  105  14:47  Supply Depot  
  105  14:48  Siege Tank, Supply Depot  
  105  14:51  Marine x2  
  112  15:02  Bunker  
  112  15:04  Supply Depot  
  112  15:08  Thor  
  112  15:09  Marine x2, Viking x3  
  112  15:10  Viking x2, Supply Depot x2  
  130  15:16  Viking  
  130  15:18  Viking  
  133  15:31  Marine x2  
  133  15:32  Thor, SCV x3  
  133  15:34  Bunker, Supply Depot  
  138  15:44  SCV x2  
  138  15:46  Viking  
  138  15:48  Viking  
  141  15:50  Marine x2  
  141  15:51  Siege Tank  
  132  16:08  Marine x2  
  121  16:15  Siege Tank  
  115  16:23  Siege Tank  
  116  16:26  Marine x2  
  116  16:31  Supply Depot  
  116  16:32  Supply Depot x3  
  117  16:33  Supply Depot  
  117  16:34  Supply Depot  
  117  16:35  Supply Depot  
  117  16:36  Supply Depot  
  117  16:43  Marine x2  
  119  16:47  Siege Tank  
  119  16:48  Factory  
  119  16:50  Factory  
  119  16:53  Supply Depot  
  122  16:55  Siege Tank  
  122  16:57  SCV x2  
  122  16:58  SCV  
  128  17:01  Marine x2  
  130  17:09  SCV  
  131  17:18  Supply Depot  
  131  17:19  Marine x2, Siege Tank  
  136  17:27  Siege Tank  
  139  17:37  Marine x2  
  139  17:39  Command Center  
  139  17:42  Bunker  
  144  17:51  Factory Reactor, Siege Tank  
  144  17:55  Marine x2  
  146  18:03  Factory Reactor  
  148  18:07  Widow Mine  
  148  18:14  Bunker  
  150  18:30  Missile Turret  
  150  18:31  Widow Mine, Missile Turret  
  150  18:32  Missile Turret  
  144  18:42  Siege Tank  
  120  19:12  Viking x2  
  136  19:41  Widow Mine x2  
  136  19:42  Widow Mine x3  
  136  19:43  Marine  
  135  20:00  Marine  
  102  20:29  Command Center  
  100  21:01  Supply Depot x2  
  100  21:02  Supply Depot  
  100  21:03  Supply Depot  
  100  21:04  Supply Depot x2  
  100  21:05  Supply Depot  
Show
View Real Time Build Order
Export as new Build Order

zidar Zerg - Winner!

Build Orders: Hatch First, Muta Ling Bane 

Get SALT Encoding   

  12  0:01  Drone  
  13  0:12  Overlord  
  13  0:17  Drone  
  14  0:30  Drone x2  
  17  0:35  Drone  
  17  0:56  Hatchery  
  16  0:58  Drone  
  17  1:04  Drone  
  17  1:09  Extractor  
  17  1:19  Spawning Pool  
  17  1:22  Drone  
  17  1:51  Overlord, Drone  
  17  1:53  Drone  
  19  2:03  Hatchery  
  18  2:13  Queen  
  20  2:16  Drone  
  21  2:34  Queen  
  23  2:42  Metabolic Boost  
  23  3:05  Zergling x10  
  26  3:06  Zergling x2  
  29  3:16  Queen  
  31  3:22  Drone x2  
  33  3:31  Drone x3  
  35  4:03  Drone  
  35  4:04  Drone x6  
  42  4:21  Overlord x2  
  42  4:22  Overlord  
  42  4:27  Lair  
  42  4:29  Pneumatized Carapace  
  42  4:42  Extractor  
  42  4:44  Drone  
  42  4:45  Drone x11  
  52  5:18  Extractor x2  
  50  5:25  Baneling Nest  
  49  5:33  Spire  
  48  5:40  Extractor  
  47  5:46  Extractor  
  46  6:10  Centrifical Hooks  
  46  6:14  Evolution Chamber x2, Zergling x10  
  46  6:15  Zergling x32  
  65  6:21  Overlord x3  
  65  6:22  Overlord  
  65  6:48  Zerg Flyer Weapons Level 1  
  65  6:51  Zerg Ground Armor Level 1, Zerg Melee Weapons Level 1  
  65  6:59  Drone x5  
  65  7:00  Drone x9  
  79  7:06  Baneling  
  79  7:07  Baneling x9  
  79  7:17  Drone  
  79  7:18  Drone x2  
  79  7:21  Drone x2  
  84  7:23  Drone  
  84  7:24  Drone x2  
  84  7:27  Drone x2  
  89  7:31  Overlord  
  89  7:32  Overlord  
  89  8:06  Queen x2  
  93  8:15  Mutalisk x7  
  93  8:16  Mutalisk x2  
  106  8:40  Drone x3  
  109  8:45  Baneling x6  
  109  8:48  Mutalisk  
  109  8:49  Mutalisk  
  100  9:42  Mutalisk x3  
  100  9:43  Mutalisk x3  
  112  10:24  Zergling x2  
  112  10:27  Overlord x4  
  112  10:28  Overlord x2  
  113  10:29  Overlord x3  
  113  10:30  Overlord  
  113  10:33  Zerg Ground Armor Level 2, Zerg Melee Weapons Level 2  
  113  10:47  Zergling x2  
  113  10:48  Zergling x40  
  134  10:52  Overseer  
  132  11:18  Baneling x11  
  132  11:19  Baneling x6  
  132  11:23  Mutalisk  
  132  11:24  Mutalisk x7  
  148  11:40  Mutalisk  
  148  11:41  Mutalisk x2  
  99  12:58  Zergling x2  
  99  12:59  Zergling x16  
  104  13:13  Queen  
  99  13:49  Zergling x24  
  99  13:50  Zergling x6  
  111  14:23  Mutalisk x4  
  111  14:24  Mutalisk x6  
  123  14:38  Hatchery  
  121  15:07  Zergling x24  
  122  15:08  Zergling x6  
  122  15:09  Baneling  
  122  15:10  Baneling x16  
  136  15:27  Mutalisk  
  136  15:28  Mutalisk x7  
  78  16:38  Mutalisk x13  
  78  16:39  Mutalisk x7  
  116  16:48  Extractor  
  116  16:49  Extractor  
  114  17:00  Hatchery, Zergling x2  
  114  17:01  Zergling x12  
  120  17:27  Drone  
  121  17:50  Baneling x5  
  121  17:51  Baneling x8  
  121  17:54  Zergling x24  
  121  17:55  Zergling x8  
  137  18:10  Zergling x2  
  137  18:11  Zergling x12  
  144  18:23  Infestation Pit  
  127  19:17  Zergling x2  
  127  19:18  Zergling x34  
  127  19:19  Zergling x6  
  148  19:26  Zergling x2  
  148  19:27  Zergling x16  
  157  19:55  Mutalisk x14  
  178  20:31  Zergling x28  
  178  20:32  Zergling x12  
Tags
 
Add a new tag
Caveats
  • Supply blocks, unpowered buildings, or Contaminate may cause inaccurate times.
  • Supply counts are checked every 10 seconds.